 Dungeon Crawl Stone Soup version 0.27-a0-1144-g0b7d3b79db (webtiles) character file.

Game seed: 4161476265152846454

85 shoop the Sneak (level 4, -2/23 HPs)
             Began as a Vine Stalker Delver on May 11, 2021.
             Was an Initiate of Sif Muna.
             Slain by a water moccasin skeleton (5 damage)
             ... on level 5 of the Dungeon.
             The game lasted 00:01:23 (300 turns).

shoop the Sneak (Vine Stalker Delver)                Turns: 300, Time: 00:01:23

Health: -2/23      AC:  3    Str: 16    XL:     4   Next: 48%
Magic:  0/5        EV: 11    Int: 10    God:    Sif Muna [......]
Gold:   23         SH:  0    Dex: 15    Spells: 3/3 levels left

rFire    . . .     SeeInvis .   h - +1 rapier (freeze)
rCold    . . .     Faith    .   (no shield)
rNeg     . . .     Spirit   +   b - +0 leather armour
rPois    .         Reflect  .   (no helmet)
rElec    .         Harm     .   (no cloak)
rCorr    .         Rampage  .   (no gloves)
Will     .....                  (no boots)
Stlth    +++.......             (no amulet)
HPRegen  1.07/turn              (no ring)
MPRegen  0.09/turn              (no ring)

@: no status effects
A: fangs 2, regeneration 1, magic shield, antimagic bite, no potion heal 2
a: Renounce Religion


You were on level 5 of the Dungeon.
You worshipped Sif Muna.
Sif Muna was noncommittal.
You visited 1 branch of the dungeon, and saw 3 of its levels.

You collected 23 gold pieces.

Inventory:

Hand Weapons
 a - a +0 falchion
 h - a +1 rapier of freezing (weapon)
Armour
 b - a +0 leather armour (worn)
Wands
 g - a wand of digging (3)
Scrolls
 c - a scroll of fog
 d - a scroll of magic mapping
 e - a scroll of fear
 i - 2 scrolls of identify {unknown}
Potions
 f - a potion of haste


   Skills:
 - Level 2.6 Fighting
 + Level 3.6(3.8) Short Blades
 - Level 1.7(2.9) Long Blades
 - Level 1.5 Dodging
 - Level 6.0 Stealth


You had 3 spell levels left.
You didn't know any spells.
Your spell library was empty.

Dungeon Overview and Level Annotations

Branches:
Dungeon (6/15)
 Temple: D:4-7

Altars:
Sif Muna


Innate Abilities, Weirdness & Mutations

You have extremely sharp teeth.
Your natural rate of healing is unusually fast.
When hurt, damage is shared between your health and your magic reserves.
Your bite disrupts and absorbs the magic of your enemies.
Potions cannot restore your health.


Message History

The centaur kicks you but does no damage.
You hit the centaur. You freeze the centaur. You bite the centaur.
You drain its power.
You feel invigorated.
The centaur is moderately wounded.
The water moccasin skeleton bites you. The centaur barely misses you.
The centaur closely misses you.
You hit the centaur. You freeze the centaur.
The centaur is heavily wounded.
The centaur hits you. The centaur barely misses you.
The water moccasin skeleton bites you but does no damage.
The centaur hits you.
* * * LOW HITPOINT WARNING * * *
The centaur closely misses you.
The water moccasin skeleton barely misses you.
You hit the centaur but do no damage. You bite the centaur.
You drain its power.
You feel invigorated.
The centaur is heavily wounded.
The centaur hits you but does no damage.
The centaur barely misses you.
The water moccasin skeleton closely misses you.
The centaur hits you.
The centaur kicks you but does no damage.
You puncture the centaur! You freeze the centaur.
You kill the centaur!
Sif Muna accepts your kill. The water moccasin skeleton bites you.
* * * LOW HITPOINT WARNING * * *
Your Short Blades skill gained 2 levels and is now at level 3!
You have reached level 2!
You have reached level 3!
Your experience leads to an increase in your attributes!
Increase (S)trength, (I)ntelligence, or (D)exterity?
You feel stronger.
You have reached level 4!
You feel stronger.
You begin to heal more quickly.
You barely miss the water moccasin skeleton.
Your bite misses the water moccasin skeleton.
The water moccasin skeleton bites you.
You die...

..# .. .. ##.##
#...# #...# #Z).#
#@# #)# ##.####.#
#####
#.......#####...#
#.)####.......#.#
#.#####...# #.#
##.#.######## #.#
##.###........
#(# #.##
##.#####.


You could see a water moccasin skeleton.

Vanquished Creatures
  A centaur (D:5)
  A dart slug (D:5)
  An orc (D:6)
3 creatures vanquished.

Notes
Turn   | Place    | Note
-------+----------+-------------------------------------------
     0 | D:5      | shoop the Vine Stalker Delver began the quest for the Orb.
     0 | D:5      | Reached XP level 1. HP: 11/11 MP: 2/2
    66 | D:5      | Noticed an ogre
   137 | D:5      | Reached skill level 1 in Short Blades
   137 | D:5      | Found a shimmering blue altar of Sif Muna.
   148 | D:5      | Became a worshipper of Sif Muna the Loreminder
   293 | D:5      | Noticed a centaur
   299 | D:5      | Killed a centaur
   300 | D:5      | Reached XP level 2. HP: 1/16 MP: 0/3
   300 | D:5      | Reached XP level 3. HP: 1/19 MP: 0/4
   300 | D:5      | Gained mutation: Your natural rate of healing is unusually
                  | fast. [Vine Stalker growth]
   300 | D:5      | Reached XP level 4. HP: 2/23 MP: 0/5
   300 | D:5      | Slain by a water moccasin skeleton

Illustrated notes

Levels and vault maps discovered:
D:4:      layout_gridville, lemuel_round_altar, marbit_many_paths, st_stairs_11,
          uniq_grinder
D:5:      layout_loops_cross, lemuel_crystal_altar, uniq_pikel
D:6:      layout_basic, nicolae_uskayaw_dance_hall, minmay_temple_entry_mist,
          portal_sewer_entry_a, uniq_blork_the_orc

Skill      XL: |  1 |
---------------+----+-----
Short Blades   | 3 |  3.6
Fighting       | |  2.6
Long Blades    | |  1.7
Dodging        | |  1.5
Stealth        | |  6.0

Action                   |  1- 3 |  4- 6 || total
-------------------------+-------+-------++-------
Melee: Rapier            |     8 |     1 ||     9
       Bite              |     4 |       ||     4
Armor: Leather armour    |     7 |       ||     7
Dodge: Dodged            |     9 |       ||     9

Table legend: (Time is in decaauts)
 A = Elapsed time spent in this place.
 B = Non-inter-level travel time spent in this place.
 C = Inter-level travel time spent in this place.
 D = Time resting spent in this place.
 E = Time spent auto-exploring this place.
 F = Levels seen in this place.
 G = Mean time per level.
                   A        B        C        D        E       F      G
               +--------+--------+--------+--------+--------+-----+--------+
         Total |    300 |    300 |      0 |     83 |    141 |   3 |  100.0 |
       Dungeon |    300 |    300 |      0 |     83 |    141 |   3 |  100.0 |
               +--------+--------+--------+--------+--------+-----+--------+

Top non-repeatable levels by time:
     D:5: 288 daAuts
     D:6: 10 daAuts
     D:4: 1 daAuts
